 Dungeon Crawl Stone Soup version 0.31.0-11-ge490571c62 (webtiles) character file.

Game seed: 381632847716557214

133 javelincjr the Changeling (level 4, 0/33 HPs)
             Began as a Demonspawn Shapeshifter on Feb 7, 2024.
             Succumbed to a water moccasin's poison
             ... on level 4 of the Dungeon.
             The game lasted 00:05:58 (2738 turns).

javelincjr the Changeling (Demonspawn Shapeshifter) Turns: 2738, Time: 00:05:58

Health: 0/33       AC:  5    Str: 16    XL:     4   Next: 93%
Magic:  4/4        EV: 12    Int: 10    God:
Gold:   150        SH:  0    Dex: 13    Spells: 2/3 levels left

rFire   . .          .
                       - Unarmed
rCold   . . .        (no shield)
rNeg    . . .        e - +0 animal skin
rPois   .            (helmet currently unavailable)
rElec   .            (cloak currently unavailable)
rCorr   .            (gloves currently unavailable)
SInv    .            (boots currently unavailable)
Will    .....        (no amulet)
Stlth   +            (no ring)
HPRegen 0.25/turn    (no ring)
MPRegen 0.09/turn

%: no passive effects
@: lethally poisoned (0 -> -9), beast-form
A: beast (slay +2), molten scales 2
a: Begin Untransformation


You were on level 4 of the Dungeon.
You were a hulking beast.
You visited 1 branch of the dungeon, and saw 4 of its levels.

You collected 150 gold pieces.

Inventory:

Hand Weapons
 a - a +0 sling
 o - a +0 heavy mace
Missiles
 i - 3 boomerangs (quivered)
Armour
 e - a +0 animal skin (worn)
Jewellery
 g - an amulet of the acrobat
Talismans
 c - a beast talisman
 d - a flux talisman
Scrolls
 f - 3 scrolls of amnesia {unknown}
 h - 2 scrolls of fear {unknown}
 j - 2 scrolls of identify {unknown}
 k - a scroll of immolation {unknown}
 l - a scroll of poison {unknown}
 n - a scroll of enchant armour {unknown}
Potions
 b - 3 potions of lignification


   Skills:
 + Level 2.2 Fighting
 + Level 2.6 Dodging
 + Level 3.3 Unarmed Combat
 * Level 3.6 Shapeshifting


You had 2 spell levels left.
You knew the following spells:

 Your Spells              Type           Power      Damage    Failure   Level
a - Slow                  Hex            0%         N/A       36%         1

Your spell library contained the following spells:

 Spells                   Type           Power      Damage    Failure   Level
 Confusing Touch          Hex            0%         N/A       75%         3
 Sigil of Binding         Hex            0%         N/A       75%         3
 Vampiric Draining        Necr           0%         2d6       75%         3


Dungeon Overview and Level Annotations

Branches:
Dungeon (4/15)
 Temple: D:4-7

Altars:


Innate Abilities, Weirdness & Mutations

You are a hulking beast.
Your limbs bulge with bestial killing power. (Slay +2)
You are mostly covered in molten scales. (AC +3)


Message History

The water moccasin is severely wounded.
You feel sick. The water moccasin bites you.
You are too injured to fight recklessly!
You are too injured to fight recklessly!
You hit the water moccasin.
The water moccasin is severely wounded.
You feel sick.
The water moccasin bites you but does no damage.
You hit the water moccasin.
The water moccasin is severely wounded.
You feel sick. The water moccasin bites you.
* * * LOW HITPOINT WARNING * * *
The water moccasin barely misses you.
You miss the water moccasin.
The water moccasin is severely wounded.
You feel sick. The water moccasin misses you.
You barely miss the water moccasin.
The water moccasin is severely wounded.
You feel sick.
You are no longer poisoned.
The water moccasin barely misses you.
You closely miss the water moccasin.
The water moccasin is severely wounded.
The water moccasin bites you but does no damage.
The water moccasin bites you.
* * * LOW HITPOINT WARNING * * *
You hit the water moccasin but do no damage.
The water moccasin is severely wounded.
The water moccasin bites you but does no damage.
You miss the water moccasin. Your punch misses the water moccasin.
The water moccasin is severely wounded.
The water moccasin closely misses you.
You closely miss the water moccasin.
The water moccasin is severely wounded.
The water moccasin barely misses you. The water moccasin bites you.
* * * LOW HITPOINT WARNING * * *
You are lethally poisoned!
The water moccasin poisons you!
It was a potion of cancellation.
You feel magically purged.
You die...

#.######....
#...........
###.......<...
.............
............
#..........
#...S......
##..h.......
#...........
#.......†...
#........)..
#...........
#.........##
#.........#
##.######.# #.
.#


You could see a water moccasin.

Vanquished Creatures
  4 gnolls (D:2)
  5 adders
  5 endoplasms
  4 giant cockroaches (D:2)
  2 goblins
  5 hobgoblins
  6 jackals
  4 quokkas
  3 ball pythons
  4 bats
  4 kobolds
  A rat (D:1)
47 creatures vanquished.

Notes
Turn   | Place    | Note
-------+----------+-------------------------------------------
     0 | D:1      | javelincjr the Demonspawn Shapeshifter began the quest for
                  | the Orb.
     0 | D:1      | Reached XP level 1. HP: 15/15 MP: 1/1
     8 | D:1      | Noticed an electric eel
   528 | D:1      | Gained mutation: You are partially covered in molten
                  | scales. (AC +2) [demonic ancestry]
   528 | D:1      | Reached XP level 2. HP: 21/21 MP: 2/2
  1140 | D:2      | Gained mutation: You are mostly covered in molten scales.
                  | (AC +3) [demonic ancestry]
  1140 | D:2      | Reached XP level 3. HP: 23/26 MP: 3/3
  1651 | D:2      | Learned a level 1 spell: Slow
  1717 | D:2      | Reached XP level 4. HP: 25/33 MP: 0/4
  2715 | D:4      | Noticed a water moccasin
  2737 | D:4      | HP: 1/33 [water moccasin (5)]
  2738 | D:4      | Succumbed to a water moccasin's poison

Illustrated notes

Levels and vault maps discovered:
D:1:      arrival_aquarium_a, layout_basic, serial_co_window_serial,
          co_window_paths_a, co_window_corner_a, co_window_paths_b,
          co_window_paths_b, co_window_paths_a, co_window_unsneaky_path_a,
          co_window_paths_c, co_window_broadway_b, co_window_of_opportunity_b,
          co_window_4corner_a, co_window_4corner_b, glass_columns_b,
          eino_curves_02
D:2:      layout_basic, kennysheep_nub, minmay_worlds_worst_comb
D:3:      layout_basic, small_statue_intersection,
          nicolae_concentric_dashed_squares_mild, chequers_serial_rivers_marsh,
          grunt_ministairs_3
D:4:      layout_basic, nicolae_overflow_crystal_walls, portal_sewer_entry_f,
          uniq_blork_the_orc, uniq_sigmund, uniq_ijyb

Skill      XL: |  1  2  3  4 |
---------------+-------------+-----
Dodging        | 2 |  2.6
Unarmed Combat | 3 |  3.3
Shapeshifting  | 3 |  3.6
Fighting       | 2 |  2.2

Action                     |  1- 3 |  4- 6 || total
---------------------------+-------+-------++-------
  Melee: Unarmed           |    74 |    74 ||   148
         Punch             |     1 |     2 ||     3
   Fire: Sling             |    25 |       ||    25
  Throw: Boomerang         |     1 |     1 ||     2
   Cast: Slow              |     2 |     1 ||     3
    Use: Potion            |       |     2 ||     2
   Stab: Sleeping          |     2 |     1 ||     3
 Armour: Animal skin       |    36 |    41 ||    77
  Dodge: Dodged            |    44 |    42 ||    86
